 Dungeon Crawl Stone Soup version 0.28.0-56-g4927b6849a (webtiles) character file.

Game seed: 11938869370763077244

127207 AarnesTheHuman the Warrior (level 17, -7/145 HPs)
             Began as a Hill Orc Fighter on Jan 29, 2023.
             Was a High Priest of Hepliaklqana.
             Mangled by a naga
             ... wielding a +0 scimitar
              (28 damage)
             ... on level 2 of the Snake Pit on Jan 30, 2023.
             The game lasted 02:22:12 (47469 turns).

AarnesTheHuman the Warrior (Hill Orc Fighter)      Turns: 47469, Time: 02:22:13

Health: -7/145     AC: 30    Str: 27    XL:     17   Next: 0%
Magic:  26/26      EV:  7    Int: 25    God:    Hepliaklqana [*****.]
Gold:   1869       SH: 16    Dex: 20    Spells: 16/16 levels left

rFire   + . .      SeeInvis .   a - +11 war axe of the Undead {protect, Int+4}
rCold   . . .      Faith    .   Y - +2 kite shield {rPois}
rNeg    + . .      Spirit   .   M - +3 plate armour {rF+}
rPois   +          Reflect  .   u - +1 helmet {Int+3}
rElec   +          Harm     .   L - scarf {repulsion}
rCorr   .          Rampage  .   F - +0 pair of gloves
Will    +++..                   c - -1 pair of boots of Kleptomania {rPois Dex+3 Stlth+}
Stlth   ..........              A - amulet "Goorih Hile" {rElec rN+ Regen+ Int+4}
HPRegen 1.14/turn               J - ring of willpower
MPRegen 0.20/turn               I - ring "Sesuu" {Will+ Int+6 Dex+7}

@: lethally poisoned (-7 -> -19), under a protective aura, constricted, studying
Shields, repel missiles
A: reduced essence
a: Renounce Religion, Recall Ancestor, Ancestor Identity, Transference, Idealise


You were on level 2 of the Snake Pit.
You worshipped Hepliaklqana.
Hepliaklqana was extremely pleased with you.
You visited 5 branches of the dungeon, and saw 26 of its levels.
You also visited: Sewer and Gauntlet.

You collected 2587 gold pieces.
You spent 718 gold pieces at shops.

Inventory:

Hand Weapons
 a - the +11 war axe of the Undead (weapon) {protect, Int+4}
   (You bought it in a shop on level 2 of the Orcish Mines)

   It grants its wielder temporary protection when it strikes (+7 to AC).
   Int:       It affects your intelligence (+4).
 b - a +5 hand crossbow of freezing
 B - a +0 broad axe of venom
Missiles
 r - 80 poisoned darts (quivered)
 x - 179 bolts
 y - 6 curare-tipped darts
Armour
 c - the -1 pair of boots of Kleptomania (worn) {rPois Dex+3 Stlth+}
   (You found it in a Gauntlet)

   Dex:       It affects your dexterity (+3).
   rPois:     It protects you from poison.
   Stlth:     It makes you more stealthy.
 l - the +0 helmet "Risalauj" {-Tele rC+ Will+}
   (You bought it in a shop on level 2 of the Orcish Mines)

   rC:        It protects you from cold.
   -Tele:     It prevents most forms of teleportation.
   Will:      It increases your willpower.
 u - a +1 helmet of intelligence (worn)
 F - a +0 pair of gloves (worn)
 L - a scarf of repulsion (worn)
 M - a +3 plate armour of fire resistance (worn)
 Y - a +2 kite shield of poison resistance (worn)
Jewellery
 e - the ring of Peace {rC+ Will++ Slay-5 SInv}
   (You found it in a Gauntlet)

   [ring of protection from cold]

   Slay:      It affects your accuracy & damage with ranged weapons and melee
   (-5).
   rC:        It protects you from cold.
   SInv:      It lets you see invisible.
   Will:      It greatly increases your willpower.
 k - the ring "Wotiquet" {Ice Slay+3}
   (You found it on level 9 of the Dungeon)

   [ring of ice]

   It enhances your ice magic.
   Slay:      It affects your accuracy & damage with ranged weapons and melee
   (+3).
   rF:        It makes you vulnerable to fire.
   rC:        It protects you from cold.
 p - a ring of see invisible
 t - a ring of flight
 A - the amulet "Goorih Hile" (around neck) {rElec rN+ Regen+ Int+4}
   (You found it in a Gauntlet)

   [amulet of regeneration]

   Int:       It affects your intelligence (+4).
   rElec:     It insulates you from electricity.
   rN:        It protects you from negative energy.
   Regen:     It increases your rate of health regeneration.
 I - the ring "Sesuu" (right hand) {Will+ Int+6 Dex+7}
   (You took it off an orc warrior on level 9 of the Dungeon)

   [ring of intelligence]

   Int:       It affects your intelligence (+6).
   Dex:       It affects your dexterity (+7).
   Will:      It increases your willpower.
 J - a ring of willpower (left hand)
 T - a ring of protection from cold
 V - a ring of positive energy
Wands
 D - a wand of polymorph (6)
 E - a wand of charming (15)
 G - a wand of flame (10)
 K - a wand of mindburst (14)
 Q - a wand of iceblast (8)
 R - a wand of acid (3)
 S - a wand of digging (4)
 W - a wand of paralysis (5)
Scrolls
 f - 6 scrolls of vulnerability
 g - a scroll of magic mapping
 h - 6 scrolls of teleportation
 i - 6 scrolls of fear
 m - 17 scrolls of identify
 z - 4 scrolls of blinking
 P - a scroll of summoning
 U - 6 scrolls of fog
Potions
 d - 6 potions of curing
 j - 2 potions of mutation
 n - 4 potions of haste
 o - 2 potions of might
 q - 4 potions of lignification
 s - a potion of magic
 v - 2 potions of brilliance
 C - a potion of flight
 N - 2 potions of cancellation
 O - 2 potions of heal wounds
 Z - a potion of berserk rage
Miscellaneous
 w - a tin of tremorstones (1/2)
 H - a condenser vane (inert)


   Skills:
 + Level 17.6 Fighting
 - Level 2.0 Short Blades
 + Level 16.7 Axes
 - Level 10.0 Crossbows
 - Level 12.0 Armour
 - Level 6.0 Dodging
 - Level 2.0 Stealth
 - Level 14.0 Shields
 - Level 0.1 Spellcasting
 - Level 12.0 Invocations
 - Level 9.0 Evocations


You had 16 spell levels left.
You didn't know any spells.
Your spell library contained the following spells:

 Spells                   Type           Power      Damage    Failure   Level
 Slow                     Hex            0%         N/A       89%         1
 Blink                    Tloc           0%         N/A       96%         2
 Ensorcelled Hibernation  Hex/Ice        0%         N/A       96%         2
 Passwall                 Tmut/Erth      0%         N/A       96%         2
 Static Discharge         Conj/Air       0%         N/A       96%         2
 Sublimation of Blood     Necr           0%         N/A       96%         2
 Call Canine Familiar     Summ           0%         N/A       99%         3
 Confusing Touch          Hex            0%         N/A       99%         3
 Conjure Flame            Conj/Fire      0%         6-21      99%         3
 Frozen Ramparts          Ice            0%         1d2       99%         3
 Gell's Gravitas          Tloc           0%         N/A       99%         3
 Ignite Poison            Fire/Tmut/Pois 0%         N/A       99%         3
 Lesser Beckoning         Tloc           0%         N/A       99%         3
 Ozocubu's Armour         Ice            0%         N/A       99%         3
 Portal Projectile        Hex/Tloc       0%         N/A       99%         3
 Swiftness                Air            0%         N/A       99%         3
 Teleport Other           Tloc           0%         N/A       99%         3
 Vampiric Draining        Necr           0%         2d6       99%         3
 Dispel Undead            Necr           0%         3d6       100%        4
 Ice Form                 Ice/Tmut       0%         N/A       100%        4
 Leda's Liquefaction      Hex/Erth       0%         N/A       100%        4
 Petrify                  Tmut/Erth      0%         N/A       100%        4
 Sticky Flame             Conj/Fire      0%         2d3       100%        4
 Summon Ice Beast         Ice/Summ       0%         N/A       100%        4
 Irradiate                Conj/Tmut      0%         3d14      100%        5
 Manifold Assault         Tloc           0%         N/A       100%        5
 Metabolic Englaciation   Hex/Ice        0%         N/A       100%        5
 Conjure Ball Lightning   Conj/Air       0%         3x3d6     100%        6
 Simulacrum               Ice/Necr       0%         N/A       100%        6
 Discord                  Hex            0%         N/A       100%        8
 Disjunction              Tloc           0%         N/A       100%        8


Dungeon Overview and Level Annotations

Branches:
Dungeon (15/15)            Temple (1/1) D:6            Lair (6/6) D:8
 Shoals (0/4) Lair:2        Snake (2/4) Lair:3        Slime (0/5) Lair:6
    Orc (2/2) D:11            Elf (0/3) Orc:2        Vaults (0/5) D:13
 Depths (0/4) D:15          Sewer (visited)         Gauntlet (visited)

Altars:
Ashenzari
Cheibriados
Dithmenos
Elyvilon
Fedhas
Gozag
Hepliaklqana
Kikubaaqudgha
Makhleb
Nemelex Xobeh
Okawaru
Qazlal
Ru
Sif Muna
Trog
Uskayaw
Vehumet
Wu Jian
Xom
Yredelemnul
Zin
The Shining One
Jiyva

Shops:
D:9 **   D:10 :   D:13 *   Orc:1 [   Orc:2 !(*[[   Snake:1 =:=

Annotations:
D:3 exclusion: 3 downstairs
D:4 exclusion: 2 downstairs
D:7 exclusion: downstairs
D:8 exclusion: 3 downstairs
D:10 exclusions: downstairs and ice statue
D:11 exclusion: 2 downstairs
D:12 exclusion: 2 downstairs
D:13 exclusion: 2 downstairs
D:14 exclusion: downstairs
Lair:4 3 runed translucent doors, exclusions: 3 doors and downstairs, Tenosyn's ghost, journeyman DsAM
Lair:5 exclusion: downstairs
Snake:1 1 runed translucent door, exclusion: door, Nys Cevy's ghost, adept TrFi


Message History

The splash of poison is repelled.
You miss the black mamba.
The black mamba is heavily wounded.
The black mamba bites you but does no damage.
The naga spits poison at you. You block the splash of poison.
The naga sharpshooter shoots a bolt.
The bolt closely misses you.
The naga sharpshooter gestures wildly while chanting.
The naga sharpshooter magically shoots an arrow.
You block the arrow.
The naga warrior hits you from afar with a +0 trident.
You closely miss the black mamba.
The black mamba is heavily wounded.
You block the black mamba's attack.
The naga sharpshooter shoots a bolt.
The bolt hits you!
You are poisoned.
The naga ritualist's toxic aura wanes.
The black mamba bites you.
You are more poisoned.
The black mamba poisons you! You block the black mamba's attack.
You block the naga warrior's attack.
The naga sharpshooter shoots an arrow.
The arrow barely misses you.
The arrow hits the naga!
The naga sharpshooter spits poison at you.
The splash of poison hits you but does no damage.
You are more poisoned.
You resist.
The black mamba bites you but does no damage.
The black mamba bites you. The naga hits you with a +0 scimitar!!
The naga grabs you.
You stop ascending the stairs.
The naga constricts you.
The naga's grasp on you weakens, but your attempt to escape fails.
You feel very sick.
The naga warrior hits you from afar with a +0 trident!
The black mamba bites you.
* * * LOW HITPOINT WARNING * * *
The naga sharpshooter shoots an arrow.
The arrow hits you.
* * * LOW HITPOINT WARNING * * *
You block the naga ritualist's attack. You block the black mamba's attack.
The naga sharpshooter shoots a bolt.
The bolt hits you!!
* * * LOW HITPOINT WARNING * * *
The naga hits you with a +0 scimitar!!
You die...

# #.....### ##...#
..##.......#####(..#
.............[.....###
................(....# .
.N...$.≈......(....# ..
....≈....^≈...##...#####..
.......<...N((##...#.....#
.........NSN..#####....#
#..≈.<.8.@S≈..# #....#
#N............## #..?.#
.......>.......# ##...# #
#N..≈.....≈..).# ###...##.
#......≈.....N.# #........
##..........N#.##..###....
##.........##....####....
####..........(# #......
.........#.# #......


You could see a naga warrior, 2 naga sharpshooters, a naga ritualist (strong), 2
black mambas and a naga (strong).

Vanquished Creatures
  Vashnia (Snake:1)
  Kirke (D:13)
  A nagaraja (Snake:1)
  A minotaur (Gauntlet)
  Snorg (D:9)
  A fire dragon (D:15)
  3 hydras
  A catoblepas (Lair:6)
  2 naga warriors (Snake:1)
  2 boulder beetles
  2 centaur warriors
  2 ogre magi
  2 anacondas (Snake:1)
  10 two-headed ogres
  4 tengu warriors
  10 death yaks
  7 naga sharpshooters
  An orc high priest (Orc:1)
  Urug (D:11)
  A shock serpent (Snake:1)
  A deep elf knight (D:13)
  7 skeletal warriors
  A naga ritualist (Snake:1)
  A wizard (D:15)
  A wolf spider zombie (D:15)
  Pikel (D:6)
  3 deep elf pyromancers
  2 deep elf zephyrmancers (D:13)
  2 mana vipers
  A salamander (Snake:2)
  An orc knight (D:13)
  An ugly thing (D:13)
  8 orc sorcerers
  8 cyclopes
  4 naga magi
  A guardian serpent (Lair:3)
  4 manticores
  5 elephants (Lair:4)
  11 black mambas
  8 cane toads
  2 centaur skeletons (D:15)
  3 komodo dragons
  An unseen horror (D:12)
  Maggie (Lair:1)
  2 efreet
  4 yaktaurs (D:15)
  A freezing wraith (D:15)
  2 tengu conjurers
  7 trolls
  3 meliai (D:14)
  A tyrant leech (Gauntlet)
  A wolf spider simulacrum (D:15)
  3 hornets
  6 blink frogs
  19 slime creatures
  2 centaur simulacra (Gauntlet)
  3 vampires
  3 shadows
  3 wraiths
  2 wyverns
  47 yaks
  2 hogs (D:13)
  2 basilisks
  4 vampire mosquitoes
  A redback simulacrum (Gauntlet)
  A harpy simulacrum (Gauntlet)
  4 wargs
  3 swamp worms (Gauntlet)
  2 acid dragons
  8 nagas
  11 water moccasins
  26 orc warriors
  2 necrophages (D:6)
  A sky beast (D:6)
  A black bear (D:8)
  An ice beast (D:6)
  A boggart (D:13)
  12 wolves
  5 centaurs
  9 ogres
  4 lemures (D:6)
  4 gnoll sergeants
  Blork the orc (D:6)
  9 kobold brigands
  8 bullfrogs
  7 scorpions
  A water moccasin zombie (D:5)
  2 hornet simulacra
  16 killer bees
  8 wights
  2 bullfrog zombies
  4 centaur zombies
  21 orc priests
  3 gnoll shamans
  7 hounds
  A bullfrog skeleton (D:6)
  2 iguanas
  Jessica (D:3)
  5 hexers
  29 orc wizards
  A killer bee zombie (D:6)
  2 hound skeletons (D:4)
  A howler monkey zombie (D:5)
  34 gnolls
  8 adders
  2 river rats
  2 shadow imps (D:5)
  2 white imps (D:7)
  An ufetubus (D:5)
  3 worms
  A dart slug (D:3)
  51 orcs
  14 ball pythons
  8 endoplasms
  A giant cockroach (D:3)
  3 goblins
  4 hobgoblins
  6 jackals (D:10)
  11 kobolds
  A quokka (D:1)
  5 bats
  3 frilled lizards
  10 rats
646 creatures vanquished.

Vanquished Creatures (collateral kills)
  Rupert (D:12)
  Frances (D:12)
  A nagaraja (Snake:1)
  An orc warlord (D:11)
  Harold (D:11)
  A two-headed ogre (D:15)
  3 catoblepae (Lair:6)
  An anaconda (Snake:2)
  A tengu warrior (D:13)
  3 death yaks (Lair:6)
  A shock serpent (Snake:2)
  A skeletal warrior (D:15)
  An orc knight (Orc:2)
  A deep elf pyromancer (D:9)
  An oklob plant (Lair:3)
  A necromancer (D:15)
  2 cyclopes
  3 manticores
  3 ugly things
  2 salamanders
  An elephant (Lair:4)
  2 centaur zombies
  A guardian serpent (Snake:2)
  6 black mambas
  Maurice (D:11)
  3 cane toads
  Psyche (D:8)
  4 komodo dragons
  A tengu conjurer (D:9)
  2 trolls
  2 polar bears
  6 slime creatures
  4 blink frogs
  A hornet (D:9)
  A shadow (D:9)
  A wyvern (D:9)
  12 yaks
  Eustachio (D:6)
  A basilisk (Lair:1)
  A hog (D:13)
  A vampire mosquito (D:14)
  2 nagas (Lair:3)
  3 water moccasins
  A sky beast (D:5)
  6 orc warriors
  2 ogres
  A centaur (D:7)
  5 wolves
  3 kobold brigands
  3 bullfrogs
  A gnoll sergeant (D:9)
  4 killer bees
  3 wights
  A hound (D:5)
  2 gnoll shamans (D:10)
  5 orc priests (Orc:2)
  2 orc wizards (Orc:2)
  4 gnolls
  13 orcs
  A jackal (D:10)
145 creatures vanquished.

Vanquished Creatures (others)
  2 humans (D:13)
  A basilisk (D:9)
  A kobold brigand (Sewer)
  45 hexers
  4 ancestors
  44 fungi
  52 plants
  2 withered plants (Snake:1)
151 creatures vanquished.

Grand Total: 942 creatures vanquished

Notes
Turn   | Place    | Note
-------+----------+-------------------------------------------
     0 | D:1      | AarnesTheHuman the Hill Orc Fighter began the quest for the
                  | Orb.
     0 | D:1      | Reached XP level 1. HP: 19/19 MP: 1/1
     8 | D:1      | Noticed a lindwurm
     8 | D:1      | Noticed a hog
     8 | D:1      | Noticed an iguana
     8 | D:1      | Noticed an eight-headed hydra
     8 | D:1      | Noticed a black bear
    74 | D:1      | Found a faded altar of an unknown god.
   306 | D:1      | Reached XP level 2. HP: 26/26 MP: 2/2
   335 | D:1      | Reached skill level 1 in Stealth
  1207 | D:2      | Reached XP level 3. HP: 23/33 MP: 3/3
  1696 | D:3      | Found a hazy altar of Hepliaklqana.
  1775 | D:2      | Reached skill level 4 in Fighting
  1775 | D:2      | Reached XP level 4. HP: 11/40 MP: 4/4
  2259 | D:3      | Noticed Jessica
  2284 | D:3      | Killed Jessica
  2826 | D:3      | Reached XP level 5. HP: 46/47 MP: 5/5
  3155 | D:3      | Reached skill level 5 in Axes
  3256 | D:3      | Became a worshipper of Hepliaklqana the Forgotten
  3279 | D:4      | Noticed an ogre
  3421 | D:4      | Reached skill level 5 in Fighting
  3421 | D:4      | Reached skill level 1 in Invocations
  4102 | D:4      | Reached XP level 6. HP: 38/56 MP: 7/7
  4299 | D:4      | Found a glowing golden altar of the Shining One.
  4691 | D:4      | Reached skill level 1 in Short Blades
  4961 | D:4      | Reached skill level 6 in Fighting
  4961 | D:4      | Reached XP level 7. HP: 63/63 MP: 8/8
  5071 | D:5      | Entered Level 5 of the Dungeon
  5456 | D:5      | Found a glowing drain.
  5490 | Sewer    | Entered a sewer
  5599 | Sewer    | Reached skill level 5 in Armour
  6133 | Sewer    | Reached XP level 8. HP: 62/71 MP: 9/9
  6463 | Sewer    | Reached skill level 7 in Fighting
  6531 | Sewer    | Reached * piety under Hepliaklqana
  7198 | D:5      | Noticed a yak
  7202 | D:5      | Noticed a yak
  7249 | D:5      | Noticed a yak
  7261 | D:4      | Killed a yak
  7262 | D:4      | Reached skill level 5 in Shields
  7344 | D:4      | Killed a yak
  7345 | D:4      | Reached XP level 9. HP: 58/72 MP: 10/10
  7419 | D:4      | Reached skill level 8 in Fighting
  7419 | D:4      | Reached skill level 10 in Axes
  7642 | D:5      | Noticed a two-headed ogre
  8231 | D:5      | Killed a two-headed ogre
  8232 | D:5      | Reached skill level 9 in Fighting
  8718 | D:6      | Found a stormy altar of Qazlal.
  8794 | D:6      | Found a staircase to the Ecumenical Temple.
  8833 | D:6      | Noticed Pikel
  8853 | D:6      | Killed Pikel
  8854 | D:6      | Reached XP level 10. HP: 74/82 MP: 11/11
  9039 | D:6      | Noticed Eustachio
  9048 | D:6      | Killed Eustachio
  9049 | D:6      | Reached skill level 10 in Fighting
  9215 | D:6      | Noticed Blork the orc
  9226 | D:6      | Killed Blork the orc
  9251 | D:6      | Reached ** piety under Hepliaklqana
  9252 | D:6      | Remembered your ancestor Ferran as a hexer
  9651 | Temple   | Entered the Ecumenical Temple
 10197 | D:7      | Found a shimmering blue altar of Sif Muna.
 10700 | D:8      | Noticed a centaur warrior
 10966 | D:8      | Reached skill level 1 in Crossbows
 11082 | D:8      | Reached *** piety under Hepliaklqana
 11103 | D:8      | Reached skill level 1 in Evocations
 11390 | D:8      | Reached skill level 11 in Fighting
 11442 | D:8      | Noticed Psyche
 11452 | D:8      | Killed Psyche
 11581 | D:8      | Found a bloodstained altar of Trog.
 11611 | D:8      | Reached XP level 11. HP: 91/91 MP: 13/13
 11898 | D:8      | Killed a centaur warrior
 12232 | D:8      | Found a staircase to the Lair.
 12337 | D:8      | Found a staircase to the Lair.
 12575 | D:8      | Found a bloodstained altar of Trog.
 12767 | D:9      | Reached skill level 5 in Invocations
 13069 | D:9      | Found Qygiul's General Store.
 13072 | D:9      | Bought a scroll of teleportation for 33 gold pieces
 13091 | D:9      | Found Risy's Changing Room.
 13832 | D:8      | Reached skill level 12 in Fighting
 14293 | D:9      | Noticed a two-headed ogre
 14317 | D:9      | Killed a two-headed ogre
 14804 | D:9      | Reached skill level 5 in Evocations
 15182 | D:9      | Identified the ring "Sesuu" {Will+ Int+6 Dex+7}
 15248 | D:9      | Noticed a manticore
 15248 | D:9      | Noticed a manticore
 16575 | D:9      | Noticed a green ugly thing
 16575 | D:9      | Noticed a green ugly thing
 16780 | Lair:1   | Entered Level 1 of the Lair of Beasts
 17328 | Lair:1   | Reached **** piety under Hepliaklqana
 17409 | Lair:1   | Reached skill level 5 in Crossbows
 17701 | Lair:1   | Reached skill level 13 in Fighting
 17701 | Lair:1   | Reached XP level 12. HP: 103/103 MP: 15/15
 18078 | Lair:1   | Noticed Maggie
 18102 | Lair:1   | Killed Maggie
 19057 | Lair:2   | Found a staircase to the Shoals.
 19893 | Lair:2   | Found a staircase to the Shoals.
 20129 | Lair:3   | Reached ***** piety under Hepliaklqana
 20319 | Lair:3   | Found a staircase to the Snake Pit.
 21051 | Lair:3   | Found a staircase to the Snake Pit.
 21407 | Lair:4   | Reached skill level 10 in Crossbows
 21498 | Lair:4   | Reached skill level 1 in Dodging
 21700 | Lair:4   | Reached XP level 13. HP: 109/109 MP: 17/17
 22096 | Lair:4   | Found a runed translucent gate.
 22097 | Lair:4   | Found a runed translucent gate.
 22101 | Lair:4   | Found a runed translucent gate.
 22107 | Lair:4   | Noticed a minotaur
 22108 | Lair:4   | Noticed Tenosyn's ghost (journeyman DsAM)
 23236 | Lair:4   | Found a runed translucent gate.
 23236 | Lair:4   | Found a runed translucent gate.
 23236 | Lair:4   | Found a runed translucent gate.
 24063 | Lair:4   | Found a runed translucent gate.
 24063 | Lair:4   | Found a runed translucent gate.
 24063 | Lair:4   | Found a runed translucent gate.
 24572 | Lair:5   | Reached skill level 14 in Fighting
 24942 | Lair:6   | Entered Level 6 of the Lair of Beasts
 26657 | Lair:6   | Found a viscous altar of Jiyva.
 26657 | Lair:6   | Found a staircase to the Slime Pits.
 26768 | Lair:6   | Reached skill level 10 in Armour
 27232 | Lair:6   | Reached XP level 14. HP: 118/118 MP: 20/20
 28094 | Lair:6   | Found a viscous altar of Jiyva.
 28095 | Lair:6   | Found a staircase to the Slime Pits.
 30131 | D:9      | Found Qygiul's General Store.
 30150 | D:9      | Found Risy's Changing Room.
 30701 | D:9      | Found Qygiul's General Store.
 30720 | D:9      | Found Risy's Changing Room.
 31266 | D:9      | Identified the ring "Wotiquet" {Ice Slay+3}
 31380 | D:9      | Bought a scroll of teleportation for 33 gold pieces
 31380 | D:9      | Bought a wand of paralysis (3) for 55 gold pieces
 31396 | D:10     | Entered Level 10 of the Dungeon
 31419 | D:10     | Found an iron altar of Okawaru.
 31421 | D:10     | Found a white marble altar of Elyvilon.
 31668 | D:10     | Found Ygoawuiv's Book Emporium.
 31960 | D:10     | Noticed Snorg
 32178 | D:9      | Killed Snorg
 32179 | D:9      | Reached skill level 10 in Invocations
 32832 | D:10     | Reached ****** piety under Hepliaklqana
 33562 | D:11     | Found a gate leading to a gauntlet.
 33564 | D:11     | Found a staircase to the Orcish Mines.
 33571 | Gauntlet | Entered a Gauntlet
 33571 | Gauntlet | Found a transporter.
 33577 | Gauntlet | Noticed a quicksilver ooze
 33580 | Gauntlet | Found a transporter.
 33582 | Gauntlet | Found a transporter.
 33585 | Gauntlet | Found a transporter.
 33585 | Gauntlet | Found a transporter.
 33586 | Gauntlet | Found a transporter.
 33587 | Gauntlet | Found a large runed translucent door.
 33588 | Gauntlet | Found a large runed translucent door.
 33589 | Gauntlet | Found a large runed translucent door.
 33589 | Gauntlet | Found a large runed translucent door.
 33589 | Gauntlet | Found a runed translucent door.
 33590 | Gauntlet | Found a large runed translucent door.
 33591 | Gauntlet | Found a large runed translucent door.
 33592 | Gauntlet | Found a large runed translucent door.
 33592 | Gauntlet | Found a large runed translucent door.
 33593 | Gauntlet | Found a runed translucent door.
 33593 | Gauntlet | Found a runed translucent gate.
 33593 | Gauntlet | Found a runed translucent gate.
 33593 | Gauntlet | Found a runed translucent gate.
 33594 | Gauntlet | Found a transporter.
 33595 | Gauntlet | Found a transporter.
 33615 | Gauntlet | Found a transporter.
 33632 | Gauntlet | Found a transporter.
 33636 | Gauntlet | Found a transporter.
 33638 | Gauntlet | Found a runed translucent door.
 33640 | Gauntlet | Found a runed translucent door.
 33644 | Gauntlet | Found a transporter.
 33707 | Gauntlet | Found a large runed translucent door.
 33708 | Gauntlet | Found a large runed translucent door.
 33709 | Gauntlet | Found a large runed translucent door.
 33709 | Gauntlet | Found a large runed translucent door.
 33710 | Gauntlet | Found a large runed translucent door.
 33711 | Gauntlet | Found a large runed translucent door.
 33712 | Gauntlet | Found a large runed translucent door.
 33712 | Gauntlet | Found a large runed translucent door.
 33789 | Gauntlet | Reached skill level 15 in Fighting
 33798 | Gauntlet | Identified the -1 pair of boots of Kleptomania {rPois Dex+3
                  | Stlth+}
 33865 | Gauntlet | Identified the amulet "Goorih Hile" {rElec rN+ Regen+
                  | Int+4}
 33872 | Gauntlet | Identified the ring of Peace {rC+ Will++ Slay-5 SInv}
 34017 | Gauntlet | Identified the +9 falchion of Dominance {protect, Str-4
                  | Int+5}
 34296 | Gauntlet | Identified a scroll of acquirement
 34297 | Gauntlet | Acquired a manual of Shields
 34434 | D:11     | Reached skill level 10 in Shields
 34509 | D:11     | Noticed Urug
 34520 | D:11     | Killed Urug
 34601 | D:11     | Noticed Harold
 34608 | D:11     | Killed Harold
 34970 | D:11     | Found a hide-covered altar of Uskayaw.
 34972 | D:11     | Noticed Maurice
 34997 | D:11     | Killed Maurice
 35123 | D:11     | Identified the +6 dagger "Dasmank" {elec, rN+}
 35162 | Orc:1    | Entered Level 1 of the Orcish Mines
 35351 | Orc:1    | Noticed an orc warlord
 35965 | D:11     | Found a hide-covered altar of Uskayaw.
 36003 | D:11     | Killed an orc warlord
 36004 | D:11     | Reached XP level 15. HP: 111/126 MP: 22/22
 36457 | Orc:1    | Found Inel Tiu's Armour Shop.
 36497 | Orc:1    | Reached skill level 15 in Axes
 36782 | Orc:2    | Entered Level 2 of the Orcish Mines
 37072 | Orc:2    | Reached skill level 16 in Fighting
 37096 | Orc:2    | Found Hiappupi's Assorted Antiques.
 37096 | Orc:2    | Found Egreuzi's Distillery.
 37118 | Orc:2    | Found Dinluc's Weapon Shop.
 37123 | Orc:2    | Found Ynuxiala's Armour Boutique.
 37129 | Orc:2    | Bought a smouldering war axe for 280 gold pieces
 37129 | Orc:2    | Identified the +11 war axe of the Undead {protect, Int+4}
                  | (You bought it in a shop on level 2 of the Orcish Mines)
 37533 | Orc:2    | Found Seatiuh's Antique Armour Shoppe.
 37774 | Orc:2    | Found a staircase to the Elven Halls.
 38005 | Orc:2    | Bought a potion of heal wounds for 70 gold pieces
 38051 | Orc:2    | Bought a smoking helmet for 247 gold pieces
 38051 | Orc:2    | Identified the +0 helmet "Risalauj" {-Tele rC+ Will+} (You
                  | bought it in a shop on level 2 of the Orcish Mines)
 38111 | D:12     | You fall into a shaft and drop 3 floors!
 38111 | D:15     | Entered Level 15 of the Dungeon
 38888 | D:13     | Noticed Kirke
 38904 | D:13     | Killed Kirke
 39204 | D:12     | Noticed Rupert
 39454 | D:12     | Killed Rupert
 39820 | D:12     | Noticed Frances
 39835 | D:12     | Killed Frances
 40290 | D:13     | Found Uzxanala's General Store.
 40998 | D:13     | Found a gate to the Vaults.
 41309 | D:13     | Found a gate to the Vaults.
 41533 | D:13     | Found Uzxanala's General Store.
 41698 | D:13     | Found Uzxanala's General Store.
 42063 | D:13     | Found a gate to the Vaults.
 42180 | D:13     | Reached XP level 16. HP: 127/136 MP: 23/23
 44046 | D:14     | Reached skill level 17 in Fighting
 44631 | D:15     | Identified the +1 leather armour of Yesterday {+Inv rElec
                  | Stlth-}
 45490 | D:15     | Found a staircase to the Depths.
 45794 | Snake:1  | Entered Level 1 of the Snake Pit
 45813 | Snake:1  | Reached skill level 5 in Dodging
 46533 | Snake:1  | Found a runed translucent door.
 46536 | Snake:1  | Noticed Nys Cevy's ghost (adept TrFi)
 46657 | Snake:1  | Found a burning altar of Makhleb.
 47000 | Snake:1  | Found Mukk's Jewellery Boutique.
 47000 | Snake:1  | Found Nicku's Book Shoppe.
 47001 | Snake:1  | Found Tuwoo's Jewellery Boutique.
 47104 | Snake:2  | Noticed a nagaraja
 47104 | Snake:2  | Noticed a nagaraja
 47104 | Snake:2  | Noticed Vashnia
 47127 | Snake:1  | Killed Vashnia
 47385 | Snake:1  | Killed a nagaraja
 47423 | Snake:1  | Killed a nagaraja
 47461 | Snake:2  | Reached XP level 17. HP: 132/145 MP: 26/26
 47469 | Snake:2  | Mangled by a naga

Illustrated notes

Levels and vault maps discovered:
D:1:      onia_arrival_zoo_common, layout_basic,
          shapermc_ecumenical_altar_flowoftime, st_stairs_8, minmay_tripent
D:2:      layout_basic
D:3:      layout_basic, lemuel_tele_altar, serial_bayou, serial_bayou_pond_b,
          serial_bayou_pond_e, serial_bayou_pond_e, serial_bayou_ford_a,
          corexii_hall_statues_x, minivault_24, uniq_jessica
D:4:      layout_basic, tso_metal_star, serial_co_window_serial,
          co_window_paths_a, co_window_paths_a, co_window_of_opportunity_a,
          co_window_paths_b, co_window_corner_a, co_window_of_opportunity_b,
          co_window_unsneaky_path_e, co_window_broadway_b, glass_columns_a,
          glass_columns_c, glass_columns_b
D:5:      layout_rooms, portal_sewer_entry_b, minmay_misc_feat_hallway
D:6:      layout_basic, mainiacjoe_overflow_alcove_1,
          minmay_temple_entry_butterflies, grunt_tough_drop, uniq_pikel,
          uniq_eustachio, uniq_blork_the_orc
D:7:      layout_cave_pools, mainiacjoe_overflow_24_doors,
          corexii_item_surrounded_by_moat
D:8:      layout_basic, mainiacjoe_overflow_tiny_flanked,
          grunt_lair_entry_orc_guard_hut, uniq_psyche
D:9:      minmay_the_grid_octo_triangle [minmay_the_grid_octo_toaster,
          minmay_the_grid_octo_prize_star, minmay_the_grid_octo_fat_diamond],
          layout_basic, serial_shops, nicolae_shop_behind_doors,
          nicolae_transmutations_shop
D:10:     layout_big_octagon, chequers_temple_overflow_statue_of_worship,
          serial_gnoll_camp, gnoll_camp_mini_basic, gnoll_camp_mini_doghouse,
          gnoll_camp_mini_loothouse, gnoll_camp_huts_basic,
          gnoll_camp_mini_shop, gnoll_camp_mini_hut, minivault_16, st_stairs_5,
          kb_rosetta, uniq_snorg
D:11:     layout_loops_cross, orc_0_dummy, gauntlet_entry_generic,
          nicolae_uskayaw_dance_hall, uniq_maurice, uniq_urug, uniq_harold
D:12:     layout_roguey, uniq_rupert, uniq_frances
D:13:     layout_roguey, hangedman_vaults_entry_quadrant_bands, serial_shops,
          shop, uniq_kirke
D:14:     layout_irregular_city, infiniplex_staircase_9_rooms
D:15:     grunt_enter_depths_magical_seal, layout_rooms, minmay_misc_feat_alley
Temple:   regret_index_temple_waves
Lair:1:   layout_cellular_growth, lemuel_fruit_fields, uniq_maggie
Lair:2:   layout_misc_corridors, elwin_shoals_entry_rocks
Lair:3:   layout_loops_ring, minmay_snake_entry_guardpost_small,
          minmay_lair_oklob_items, cheibrodos_lair_caveside_slide
Lair:4:   layout_roguey, maelrawn_ghost_gauntlet_escape,
          grunt_forest_small_clearing_treed
Lair:5:   layout_big_grid, grunt_megastairs_2
Lair:6:   evilmike_catoblepas_cave, layout_cave_pods,
          dpeg_slime_entry_enclosed_altar
Snake:1:  layout_onion_interference, gammafunk_ghost_grave, basic_altar,
          grunt_megastairs_3, minmay_shop_grove
Snake:2:  layout_misc_corridors, nicolae_alphabet_shops,
          nicolae_snake_gridmaze_zigzag, evilmike_ambush
          [evilmike_ambush_outer_basic, evilmike_ambush_inner_basic],
          uniq_vashnia, uniq_agnes
Orc:1:    layout_caves, serial_shops, shop, nicolae_orc_tapped_out
Orc:2:    st_orc_mages, layout_caves, serial_shops, nicolae_square_shop

Skill      XL: |  1  2  3  4  5  6  7  8  9 10 11 12 13 14 15 16 |
---------------+-------------------------------------------------+-----
Axes           | 3 4 5 6 7 9 11 12 13 14 16 | 16.7
Stealth        | 1 2 |  2.0
Fighting       | 4 5 6 7 9 11 13 14 15 16 17 | 17.6
Armour         | 4 5 6 7 8 10 11 12 | 12.0
Invocations    | 2 3 5 9 10 12 | 12.0
Short Blades   | 2 |  2.0
Shields        | 4 5 6 7 8 12 13 14 | 14.0
Crossbows      | 4 5 10 | 10.0
Evocations     | 3 6 8 9 |  9.0
Dodging        | 1 2 4 6 |  6.0
Spellcasting   | |  0.1

Action                   |  1- 3 |  4- 6 |  7- 9 | 10-12 | 13-15 | 16-18 || total
-------------------------+-------+-------+-------+-------+-------+-------++-------
Melee: War axe           |   103 |    62 |    81 |   384 |   433 |   209 ||  1272
       Dagger            |       |    78 |   205 |    21 |       |       ||   304
       Whip              |       |       |       |     1 |       |       ||     1
       Hand crossbow     |       |       |       |       |     1 |       ||     1
       Broad axe         |       |       |       |       |   115 |       ||   115
 Fire: Hand crossbow     |       |       |       |   242 |   803 |   169 ||  1214
Throw: Stone             |       |     7 |     4 |       |       |       ||    11
       Dart              |       |       |    69 |     6 |       |       ||    75
       Throwing net      |       |       |       |       |     4 |       ||     4
Invok: Ancestor Life: He |       |       |       |     1 |       |       ||     1
       Transference      |       |       |       |     1 |       |       ||     1
       Recall Ancestor   |       |       |       |     1 |     8 |     4 ||    13
       Idealise          |       |       |       |       |     4 |     3 ||     7
Evoke: Wand              |       |       |       |     3 |     9 |     4 ||    16
       Condenser vane    |       |       |       |       |     1 |     1 ||     2
       Tin of tremorston |       |       |       |       |     1 |     1 ||     2
  Use: Scroll            |       |    12 |     7 |    13 |    17 |     2 ||    51
       Potion            |       |     2 |       |       |     2 |       ||     4
 Stab: Distracted        |       |       |     1 |     7 |    10 |     2 ||    20
       Confused          |       |       |       |     6 |     9 |     5 ||    20
       Paralysed         |       |       |       |       |    20 |    25 ||    45
       Held in net/web   |       |       |       |       |     1 |       ||     1
Armor: Scale mail        |    55 |    49 |    81 |    53 |       |       ||   238
       Chain mail        |       |       |       |   120 |       |       ||   120
       Plate armour      |       |       |       |    67 |   282 |   109 ||   458
Dodge: Dodged            |    49 |    49 |    77 |   196 |   164 |    76 ||   611
       Repelled          |       |       |       |       |     5 |    11 ||    16
Block: Buckler           |    40 |    31 |    45 |   117 |    57 |       ||   290
       Kite shield       |       |       |       |       |   252 |   244 ||   496
